| TOP OF THE 1ST |
|
Great Falls Voyagers batting - Pitching for Bluefield Blue Jays : LHP Jack Osborne
|
|
Pitching: LHP Jack Osborne
|
|
|
Batting: RHB Andy Cotton
|
0-0: Ball 1-0: Ground out U3 (Groundball, 34, EV 82.5 MPH)
|
|
Batting: RHB Mitch Cuadros
|
0-0: Swinging Strike 0-1: SINGLE (Groundball, 34D, EV 98.1 MPH)
|
|
Batting: RHB Brad Adams Jr.
|
0-0: Ball 1-0: Swinging Strike 1-1: Ball 2-1: Foul Ball, location: 2F 2-2: Grounds into double play, U3-6 (Groundball, 3L, EV 103.1 MPH)
|
| Top of the 1st over - 0 runs, 1 hit, 0 errors, 0 left on base; Great Falls 0 - Bluefield 0 |
| BOTTOM OF THE 1ST |
|
Bluefield Blue Jays batting - Pitching for Great Falls Voyagers : RHP Juan Reyes
|
|
Pitching: RHP Juan Reyes
|
|
|
Batting: LHB Jessie Stewart
|
0-0: Called Strike 0-1: Swinging Strike 0-2: Ground out 6-3 (Groundball, 6, EV 84.4 MPH)
|
|
Batting: RHB Mark Noftall
|
0-0: Called Strike 0-1: Swinging Strike 0-2: Foul Ball, location: 2F 0-2: Ball 1-2: Strikes out swinging
|
|
Batting: SHB Toby Patenaude
|
0-0: Ball 1-0: Called Strike 1-1: Swinging Strike 1-2: Ball 2-2: Strikes out swinging
|
| Bottom of the 1st over - 0 runs, 0 hits, 0 errors, 0 left on base; Great Falls 0 - Bluefield 0 |
| TOP OF THE 2ND |
|
Great Falls Voyagers batting - Pitching for Bluefield Blue Jays : LHP Jack Osborne
|
|
Batting: RHB Billy Grubbs
|
0-0: Fly out, F8 (Flyball, 78XD, EV 100.0 MPH)
|
|
Batting: RHB Enrique Gomez
|
0-0: Ground out 5-3 (Groundball, 56S, EV 86.2 MPH)
|
|
Batting: RHB Joselito Santos
|
0-0: Called Strike 0-1: Ball 1-1: Swinging Strike 1-2: Strikes out swinging
|
| Top of the 2nd over - 0 runs, 0 hits, 0 errors, 0 left on base; Great Falls 0 - Bluefield 0 |
| BOTTOM OF THE 2ND |
|
Bluefield Blue Jays batting - Pitching for Great Falls Voyagers : RHP Juan Reyes
|
|
Batting: RHB Brandon Williams
|
0-0: Called Strike 0-1: Ball 1-1: Ball 2-1: Ball 3-1: Base on Balls
|
|
Batting: RHB Cedric Nicholls
|
0-0: Foul Ball, location: 2F 0-1: Called Strike 0-2: Ball 1-2: Ball 2-2: Strikes out swinging
|
|
Batting: RHB Tom Bergman
|
0-0: Called Strike 0-1: Ball 1-1: Swinging Strike 1-2: Foul Ball, location: 2F 1-2: Ball 2-2: Foul Ball, location: 2F 2-2: Strikes out looking
|
|
Batting: RHB Benedikt Fleischmann
|
0-0: Ball 1-0: Ground out 4-3 (Groundball, 4, EV 101.2 MPH)
|
| Bottom of the 2nd over - 0 runs, 0 hits, 0 errors, 1 left on base; Great Falls 0 - Bluefield 0 |
| TOP OF THE 3RD |
|
Great Falls Voyagers batting - Pitching for Bluefield Blue Jays : LHP Jack Osborne
|
|
Batting: RHB Bill Stern
|
0-0: Ball 1-0: Called Strike 1-1: Ground out 4-3 (Groundball, 4, EV 93.8 MPH)
|
|
Batting: RHB David Cortez
|
0-0: Called Strike 0-1: Ball 1-1: Foul Ball, location: 2F 1-2: Ball 2-2: Ball 3-2: Base on Balls
|
|
Batting: RHB Dave Dominguez
|
0-0: Ball 1-0: Ball 2-0: Called Strike 2-1: Ball 3-1: Foul Ball, location: 2F 3-2: Foul Ball, location: 2F 3-2: Grounds into double play, 4-6-3 (Groundball, 4, EV 81.9 MPH)
|
| Top of the 3rd over - 0 runs, 0 hits, 0 errors, 0 left on base; Great Falls 0 - Bluefield 0 |
| BOTTOM OF THE 3RD |
|
Bluefield Blue Jays batting - Pitching for Great Falls Voyagers : RHP Juan Reyes
|
|
Batting: SHB Miguel Sano Jr.
|
0-0: Swinging Strike 0-1: Foul Ball, location: 2F 0-2: Ball 1-2: Ball 2-2: Strikes out swinging
|
|
Batting: RHB Jerry Perez
|
0-0: Swinging Strike 0-1: Swinging Strike 0-2: Ball 1-2: Ball 2-2: Ball 3-2: Strikes out looking
|
|
Batting: LHB Jessie Stewart
|
0-0: Ball 1-0: Ball 2-0: Called Strike 2-1: Foul Ball, location: 2F 2-2: Foul Ball, location: 2F 2-2: Foul Ball, location: 2F 2-2: Strikes out swinging
|
| Bottom of the 3rd over - 0 runs, 0 hits, 0 errors, 0 left on base; Great Falls 0 - Bluefield 0 |
| TOP OF THE 4TH |
|
Great Falls Voyagers batting - Pitching for Bluefield Blue Jays : LHP Jack Osborne
|
|
Batting: RHB Andy Cotton
|
0-0: Swinging Strike 0-1: Ball 1-1: Called Strike 1-2: Ball 2-2: Ball 3-2: Foul Ball, location: 2F 3-2: Foul Ball, location: 2F 3-2: Foul Ball, location: 2F 3-2: SINGLE (Line Drive, 8RS, EV 90.6 MPH)
|
|
Batting: RHB Mitch Cuadros
|
0-0: Called Strike 0-1: Called Strike 0-2: Ball 1-2: Strikes out swinging
|
|
Batting: RHB Brad Adams Jr.
|
0-0: Ball 1-0: Called Strike 1-1: Ball 2-1: DOUBLE (Line Drive, 9LS, EV 108.8 MPH) Andy Cotton to third
|
|
Batting: RHB Billy Grubbs
|
0-0: Ball 1-0: Swinging Strike 1-1: Foul Ball, location: 2F 1-2: Ball 2-2: Ground out 6-3 (Groundball, 6, EV 86.9 MPH) Andy Cotton scores
|
|
Batting: RHB Enrique Gomez
|
0-0: Called Strike 0-1: Ball 1-1: Ground out 6-3 (Groundball, 6, EV 94.4 MPH)
|
| Top of the 4th over - 1 run, 2 hits, 0 errors, 1 left on base; Great Falls 1 - Bluefield 0 |
| BOTTOM OF THE 4TH |
|
Bluefield Blue Jays batting - Pitching for Great Falls Voyagers : RHP Juan Reyes
|
|
Batting: RHB Mark Noftall
|
0-0: Called Strike 0-1: Swinging Strike 0-2: Foul Ball, location: 2F 0-2: Ball 1-2: Reached on error, E5 (Groundball, 56, EV 103.8 MPH)
|
|
Batting: SHB Toby Patenaude
|
0-0: Ball Mark Noftall is caught stealing 2nd base 2-6 1-0: Foul Ball, location: 2F 1-1: Ground out 4-3 (Groundball, 4, EV 106.9 MPH)
|
|
Batting: RHB Brandon Williams
|
0-0: Ball 1-0: Called Strike 1-1: Ground out 3-1 (Groundball, 34S, EV 70.0 MPH)
|
| Bottom of the 4th over - 0 runs, 0 hits, 1 error, 0 left on base; Great Falls 1 - Bluefield 0 |
| TOP OF THE 5TH |
|
Great Falls Voyagers batting - Pitching for Bluefield Blue Jays : LHP Jack Osborne
|
|
Batting: RHB Joselito Santos
|
0-0: Called Strike 0-1: Called Strike 0-2: Strikes out swinging
|
|
Batting: RHB Bill Stern
|
0-0: Ball 1-0: Ball 2-0: Ball 3-0: Base on Balls
|
|
Batting: RHB David Cortez
|
0-0: Called Strike 0-1: Called Strike 0-2: Strikes out swinging
|
|
Batting: RHB Dave Dominguez
|
0-0: Called Strike 0-1: Foul Ball, location: 2F 0-2: Ball 1-2: Foul Ball, location: 2F 1-2: Ball 2-2: Ball 3-2: Base on Balls Bill Stern to second
|
|
Batting: RHB Andy Cotton
|
0-0: Ball 1-0: Swinging Strike 1-1: Foul Ball, location: 2F 1-2: Foul Ball, location: 2F 1-2: Fielders Choice at 2nd, 5-4 (Groundball, 56, EV 81.9 MPH)
|
| Top of the 5th over - 0 runs, 0 hits, 0 errors, 2 left on base; Great Falls 1 - Bluefield 0 |
| BOTTOM OF THE 5TH |
|
Bluefield Blue Jays batting - Pitching for Great Falls Voyagers : RHP Juan Reyes
|
|
Batting: RHB Cedric Nicholls
|
0-0: Ball 1-0: Called Strike 1-1: Fly out, F8 (Flyball, 8RXD, EV 99.4 MPH)
|
|
Batting: RHB Tom Bergman
|
0-0: Ball 1-0: Swinging Strike 1-1: Ground out 5-3 (Groundball, 56, EV 89.4 MPH)
|
|
Batting: RHB Benedikt Fleischmann
|
0-0: SOLO HOME RUN (Line Drive, 78XD, EV 106.9 MPH), Distance : 440 ft
|
|
Batting: SHB Miguel Sano Jr.
|
0-0: Swinging Strike 0-1: Called Strike 0-2: Foul Ball, location: 2F 0-2: Ball 1-2: Strikes out swinging
|
| Bottom of the 5th over - 1 run, 1 hit, 0 errors, 0 left on base; Great Falls 1 - Bluefield 1 |
| TOP OF THE 6TH |
|
Great Falls Voyagers batting - Pitching for Bluefield Blue Jays : LHP Jack Osborne
|
|
Batting: RHB Mitch Cuadros
|
0-0: Foul Ball, location: 2F 0-1: Called Strike 0-2: Foul Ball, location: 2F 0-2: Foul Ball, location: 2F 0-2: Strikes out swinging
|
|
Pitching: RHP Josh Long
|
|
|
Batting: RHB Brad Adams Jr.
|
0-0: Called Strike 0-1: Swinging Strike 0-2: Foul Ball, location: 2F 0-2: Ball 1-2: SINGLE (Groundball, 6MD, EV 101.9 MPH)
|
|
Batting: RHB Billy Grubbs
|
0-0: Ball 1-0: Foul Ball, location: 2F 1-1: Ball Brad Adams Jr. steals 2nd base 2-1: Intentional Walk
|
|
Batting: RHB Enrique Gomez
|
0-0: Ball 1-0: Swinging Strike 1-1: Ball 2-1: Foul Ball, location: 2F 2-2: Foul Ball, location: 2F 2-2: Ball Passed Ball! Brad Adams Jr. to third Billy Grubbs to second 3-2: Strikes out swinging
|
|
Batting: RHB Joselito Santos
|
0-0: Intentional Walk
|
|
Pinch Hitting: RHB Jake Feinstein
|
0-0: Ball 1-0: Ball 2-0: Swinging Strike 2-1: Called Strike 2-2: Ball 3-2: SINGLE (Line Drive, 89S, EV 85.6 MPH) Brad Adams Jr. scores Billy Grubbs to third Joselito Santos to second Billy Grubbs scores Joselito Santos to third
|
|
Batting: RHB David Cortez
|
0-0: Ball 1-0: Called Strike 1-1: Foul Ball, location: 2F 1-2: Ball 2-2: Ball 3-2: Foul Ball, location: 2F 3-2: Strikes out swinging
|
| Top of the 6th over - 2 runs, 2 hits, 0 errors, 2 left on base; Great Falls 3 - Bluefield 1 |
| BOTTOM OF THE 6TH |
|
Bluefield Blue Jays batting - Pitching for Great Falls Voyagers : RHP Juan Reyes
|
|
Now at 1B: Brad Adams Jr.
|
|
|
Now at 3B: Russ Cornett
|
|
|
Batting: RHB Jerry Perez
|
0-0: Ball 1-0: Foul Ball, location: 2F 1-1: Swinging Strike 1-2: Strikes out swinging, 2-3 out at first.
|
|
Batting: LHB Jessie Stewart
|
0-0: Foul Ball, location: 2F 0-1: Foul Ball, location: 2F 0-2: Foul Ball, location: 2F 0-2: Ball 1-2: Ball 2-2: Ground out 6-3 (Groundball, 6M, EV 105.6 MPH)
|
|
Batting: RHB Mark Noftall
|
0-0: Ball 1-0: Swinging Strike 1-1: Called Strike 1-2: Ball 2-2: Ball 3-2: Foul Ball, location: 2F 3-2: Foul Ball, location: 2F 3-2: SOLO HOME RUN (Flyball, 7D, EV 98.8 MPH), Distance : 393 ft
|
|
Batting: SHB Toby Patenaude
|
0-0: Called Strike 0-1: Ground out 4-3 (Groundball, 4, EV 98.1 MPH)
|
| Bottom of the 6th over - 1 run, 1 hit, 0 errors, 0 left on base; Great Falls 3 - Bluefield 2 |
| TOP OF THE 7TH |
|
Great Falls Voyagers batting - Pitching for Bluefield Blue Jays : RHP Josh Long
|
|
Batting: RHB Dave Dominguez
|
0-0: Ball 1-0: Ball 2-0: Ball 3-0: Called Strike 3-1: Foul Ball, location: 2F 3-2: Strikes out swinging
|
|
Batting: RHB Andy Cotton
|
0-0: Foul Ball, location: 2F 0-1: Swinging Strike 0-2: Ball 1-2: Ball 2-2: Ball 3-2: Fly out, F4 (Line Drive, 4, EV 68.8 MPH)
|
|
Pitching: RHP Gu Won
|
|
|
Batting: RHB Mitch Cuadros
|
0-0: Ball 1-0: Foul Ball, location: 2F 1-1: Ground out 5-3 (Groundball, 56, EV 82.5 MPH)
|
| Top of the 7th over - 0 runs, 0 hits, 0 errors, 0 left on base; Great Falls 3 - Bluefield 2 |
| BOTTOM OF THE 7TH |
|
Bluefield Blue Jays batting - Pitching for Great Falls Voyagers : RHP Juan Reyes
|
|
Batting: RHB Brandon Williams
|
0-0: Ball 1-0: Foul Ball, location: 2F 1-1: Swinging Strike 1-2: Ball 2-2: Ball 3-2: Ground out 6-3 (Groundball, 56, EV 103.1 MPH)
|
|
Batting: RHB Cedric Nicholls
|
0-0: Ball 1-0: Ball 2-0: Foul Ball, location: 2F 2-1: Swinging Strike 2-2: Fly out, F3 (Popup, 3F, EV 75.6 MPH)
|
|
Batting: RHB Tom Bergman
|
0-0: Ball 1-0: Called Strike 1-1: Foul Ball, location: 2F 1-2: Strikes out looking
|
| Bottom of the 7th over - 0 runs, 0 hits, 0 errors, 0 left on base; Great Falls 3 - Bluefield 2 |
| TOP OF THE 8TH |
|
Great Falls Voyagers batting - Pitching for Bluefield Blue Jays : RHP Gu Won
|
|
Batting: RHB Brad Adams Jr.
|
0-0: Ball 1-0: Ball 2-0: Fly out, F8 (Flyball, 8LD, EV 105.0 MPH)
|
|
Batting: RHB Billy Grubbs
|
0-0: Ball 1-0: Ball 2-0: Foul Ball, location: 2F 2-1: Foul Ball, location: 2F 2-2: SINGLE (Groundball, 56D, EV 99.4 MPH)
|
|
Batting: RHB Enrique Gomez
|
0-0: Foul Ball, location: 2F 0-1: Called Strike 0-2: Foul Ball, location: 2F 0-2: Ball 1-2: Strikes out swinging
|
|
Batting: RHB Joselito Santos
|
0-0: Called Strike 0-1: Called Strike 0-2: Ball 1-2: Strikes out looking
|
| Top of the 8th over - 0 runs, 1 hit, 0 errors, 1 left on base; Great Falls 3 - Bluefield 2 |
| BOTTOM OF THE 8TH |
|
Bluefield Blue Jays batting - Pitching for Great Falls Voyagers : RHP Juan Reyes
|
|
Pitching: LHP Humberto Carrera
|
|
|
Batting: RHB Benedikt Fleischmann
|
0-0: Ball 1-0: Called Strike 1-1: Ball 2-1: Ground out 5-3 (Groundball, 5L, EV 101.9 MPH)
|
|
Batting: SHB Miguel Sano Jr.
|
0-0: Called Strike 0-1: Ball 1-1: Foul Ball, location: 2F 1-2: Strikes out swinging
|
|
Batting: RHB Jerry Perez
|
0-0: Called Strike 0-1: Foul Ball, location: 2F 0-2: Ball 1-2: Ball 2-2: Strikes out swinging
|
| Bottom of the 8th over - 0 runs, 0 hits, 0 errors, 0 left on base; Great Falls 3 - Bluefield 2 |
| TOP OF THE 9TH |
|
Great Falls Voyagers batting - Pitching for Bluefield Blue Jays : RHP Gu Won
|
|
Batting: RHB Russ Cornett
|
0-0: Ball 1-0: Ball 2-0: Called Strike 2-1: DOUBLE (Flyball, 89XD, EV 100.6 MPH)
|
|
Batting: RHB David Cortez
|
0-0: Ball 1-0: Foul Ball, location: 2F 1-1: Ball 2-1: Foul Ball, location: 2F 2-2: Strikes out swinging
|
|
Batting: RHB Dave Dominguez
|
0-0: Ball Russ Cornett steals 3rd base 1-0: Called Strike 1-1: Foul Ball, location: 2F 1-2: Ball 2-2: Strikes out swinging
|
|
Batting: RHB Andy Cotton
|
0-0: Ball 1-0: Called Strike 1-1: Ball 2-1: Ball 3-1: Base on Balls
|
|
Batting: RHB Mitch Cuadros
|
0-0: Ball Andy Cotton steals 2nd base 1-0: Ground out 6-3 (Groundball, 6, EV 88.8 MPH)
|
| Top of the 9th over - 0 runs, 1 hit, 0 errors, 2 left on base; Great Falls 3 - Bluefield 2 |
| BOTTOM OF THE 9TH |
|
Bluefield Blue Jays batting - Pitching for Great Falls Voyagers : LHP Humberto Carrera
|
|
Pitching: LHP Dave Fairn
|
|
|
Batting: LHB Jessie Stewart
|
0-0: Ball 1-0: Ball 2-0: Ball 3-0: Base on Balls
|
|
Batting: RHB Mark Noftall
|
0-0: Called Strike 0-1: Ball 1-1: Ball 2-1: Bunt missed! 2-2: Ball 3-2: Foul Ball, location: 2F 3-2: Base on Balls Jessie Stewart to second
|
|
Batting: SHB Toby Patenaude
|
0-0: Foul Ball, location: 2F 0-1: Swinging Strike 0-2: Strikes out swinging
|
|
Pitching: RHP Frank Lankford
|
|
|
Batting: RHB Brandon Williams
|
0-0: Foul Ball, location: 2F 0-1: Ball 1-1: Swinging Strike 1-2: Ball 2-2: Ball 3-2: Base on Balls Jessie Stewart to third Mark Noftall to second
|
|
Batting: RHB Cedric Nicholls
|
0-0: Fly out, F7 (Line Drive, 7D, EV 95.0 MPH) Runner from 3rd tags up, SCORES, no throw by LF
|
|
Batting: RHB Jim Sabin
|
0-0: Ball 1-0: Foul Ball, location: 2F 1-1: Fielders Choice at 2nd, 6-4 (Groundball, 6D, EV 101.9 MPH)
|
| Bottom of the 9th over - 1 run, 0 hits, 0 errors, 2 left on base; Great Falls 3 - Bluefield 3 |
| TOP OF THE 10TH |
|
Great Falls Voyagers batting - Pitching for Bluefield Blue Jays : RHP Gu Won
|
|
Pitching: RHP Chris Mansfield
|
|
|
Batting: RHB Brad Adams Jr.
|
0-0: Ball 1-0: Ball 2-0: SINGLE (Groundball, P, EV 81.2 MPH) (infield hit)
|
|
Batting: RHB Billy Grubbs
|
0-0: Swinging Strike 0-1: Ball 1-1: Ball 2-1: Fielders Choice at 2nd, 3-6 (Groundball, 3, EV 80.0 MPH)
|
|
Batting: RHB Enrique Gomez
|
0-0: Fly out, F6 (Line Drive, 6M, EV 66.2 MPH)
|
|
Batting: RHB Joselito Santos
|
0-0: Called Strike Billy Grubbs is caught stealing 2nd base 2-4
|
| Top of the 10th over - 0 runs, 1 hit, 0 errors, 0 left on base; Great Falls 3 - Bluefield 3 |
| BOTTOM OF THE 10TH |
|
Bluefield Blue Jays batting - Pitching for Great Falls Voyagers : RHP Frank Lankford
|
|
Batting: RHB Benedikt Fleischmann
|
0-0: Fly out, F3 (Line Drive, 3L, EV 63.1 MPH)
|
|
Batting: SHB Miguel Sano Jr.
|
0-0: Called Strike 0-1: Called Strike 0-2: Ball 1-2: Ball 2-2: Ball 3-2: Fly out, F8 (Flyball, 8LD, EV 98.8 MPH)
|
|
Batting: RHB Jerry Perez
|
0-0: Foul Ball, location: 2F 0-1: Swinging Strike 0-2: Foul Ball, location: 2F 0-2: Ball 1-2: Foul Ball, location: 2F 1-2: Strikes out looking
|
| Bottom of the 10th over - 0 runs, 0 hits, 0 errors, 0 left on base; Great Falls 3 - Bluefield 3 |
| TOP OF THE 11TH |
|
Great Falls Voyagers batting - Pitching for Bluefield Blue Jays : RHP Chris Mansfield
|
|
Batting: RHB Joselito Santos
|
0-0: Ball 1-0: SINGLE (Line Drive, 8LS, EV 91.9 MPH)
|
|
Batting: RHB Russ Cornett
|
0-0: Bunted foul 0-1: Ball 1-1: Sac Bunt to P - play at first, batter OUT! 1-4 Joselito Santos to second
|
|
Batting: RHB David Cortez
|
0-0: Foul Ball, location: 2F 0-1: Ball 1-1: Ground out 1-3 (Groundball, 15S, EV 64.4 MPH)
|
|
Batting: RHB Dave Dominguez
|
0-0: Called Strike 0-1: Foul Ball, location: 2F 0-2: Foul Ball, location: 2F 0-2: Ball 1-2: Foul Ball, location: 2F 1-2: Strikes out looking
|
| Top of the 11th over - 0 runs, 1 hit, 0 errors, 1 left on base; Great Falls 3 - Bluefield 3 |
| BOTTOM OF THE 11TH |
|
Bluefield Blue Jays batting - Pitching for Great Falls Voyagers : RHP Frank Lankford
|
|
Batting: LHB Jessie Stewart
|
0-0: Ball 1-0: Foul Ball, location: 2F 1-1: Ground out U3 (Groundball, 3, EV 81.2 MPH)
|
|
Pitching: RHP Bin Li
|
|
|
Batting: RHB Mark Noftall
|
0-0: Foul Ball, location: 2F 0-1: Fly out, F9 (Flyball, 9D, EV 89.4 MPH)
|
|
Batting: SHB Toby Patenaude
|
0-0: Ground out 4-3 (Groundball, 4D, EV 105.6 MPH)
|
| Bottom of the 11th over - 0 runs, 0 hits, 0 errors, 0 left on base; Great Falls 3 - Bluefield 3 |
| TOP OF THE 12TH |
|
Great Falls Voyagers batting - Pitching for Bluefield Blue Jays : RHP Chris Mansfield
|
|
Pitching: RHP Jason Hanson
|
|
|
Batting: RHB Andy Cotton
|
0-0: Ball 1-0: Swinging Strike 1-1: Foul Ball, location: 2F 1-2: Strikes out swinging
|
|
Batting: RHB Mitch Cuadros
|
0-0: Called Strike 0-1: Called Strike 0-2: Ball 1-2: Foul Ball, location: 2F 1-2: Ball 2-2: Foul Ball, location: 2F 2-2: Foul Ball, location: 2F 2-2: Foul Ball, location: 2F 2-2: Ball 3-2: Base on Balls
|
|
Batting: RHB Brad Adams Jr.
|
0-0: DOUBLE (Flyball, 8RXD, EV 96.2 MPH) Mitch Cuadros to third Runner from 3rd tries for Home, SAFE, no throw by CF
|
|
Batting: RHB Billy Grubbs
|
0-0: Intentional Walk
|
|
Batting: RHB Enrique Gomez
|
0-0: Swinging Strike 0-1: Ball Wild Pitch! Brad Adams Jr. to third Billy Grubbs to second 1-1: Ball 2-1: Swinging Strike 2-2: Ball 3-2: Strikes out swinging
|
|
Batting: RHB Joselito Santos
|
0-0: Ball 1-0: Ball 2-0: Foul Ball, location: 2F 2-1: Fly out, F4 (Popup, 3S, EV 86.9 MPH)
|
| Top of the 12th over - 1 run, 1 hit, 0 errors, 2 left on base; Great Falls 4 - Bluefield 3 |
| BOTTOM OF THE 12TH |
|
Bluefield Blue Jays batting - Pitching for Great Falls Voyagers : RHP Bin Li
|
|
Batting: RHB Brandon Williams
|
0-0: Fly out, F8 (Flyball, 78D, EV 80.0 MPH)
|
|
Batting: RHB Cedric Nicholls
|
0-0: Ground out 6-3 (Groundball, 6, EV 86.2 MPH)
|
|
Batting: RHB Jim Sabin
|
0-0: Called Strike 0-1: Ball 1-1: SINGLE (Line Drive, 78D, EV 107.5 MPH)
|
|
Batting: RHB Benedikt Fleischmann
|
0-0: Called Strike 0-1: Foul Ball, location: 2F 0-2: Ball 1-2: Ball 2-2: Ball 3-2: Strikes out swinging
|
| Bottom of the 12th over - 0 runs, 1 hit, 0 errors, 1 left on base; Great Falls 4 - Bluefield 3 |
|